 Dungeon Crawl Stone Soup version 0.21-a0-538-gd16b88a (webtiles) character file.

708 slep the Chopper (level 7, -3/52 HPs)
             Began as a Demonspawn Gladiator on Dec 17, 2017.
             Slain by an orc warrior
             ... wielding a +0 glaive
              (16 damage)
             ... on level 4 of the Dungeon.
             The game lasted 00:09:26 (2535 turns).

slep the Chopper (Demonspawn Gladiator)             Turns: 2535, Time: 00:09:26

Health: -3/52      AC:  6    Str: 15    XL:     7   Next: 40%
Magic:  7/7        EV: 14    Int:  9    God:
Gold:   174        SH:  0    Dex: 16    Spells: 6/6 levels left

rFire    . . .     SeeInvis .   a - +0 war axe
rCold    . . .     Gourm    .   (no shield)
rNeg     + . .     Faith    .   b - +0 leather armour
rPois    .         Spirit   .   (helmet restricted)
rElec    .         Reflect  .   (no cloak)
rCorr    .         Harm     .   q - +0 pair of gloves
MR       .....     Rnd*Tele +   (no boots)
Stlth    ++........             (no amulet)
HPRegen  0.17/turn              y - ring of positive energy
MPRegen  0.10/turn              A - ring of teleportation (curse)

@: no status effects
A: horns 1, molten scales 1, spiny 2
a: no special abilities


You were on level 4 of the Dungeon.
You were not hungry.

You visited 1 branch of the dungeon, and saw 4 of its levels.

You collected 174 gold pieces.

Inventory:

Hand Weapons
 a - a +0 war axe (weapon)
Missiles
 d - 3 throwing nets (quivered)
 g - 4 tomahawks
Armour
 b - a +0 leather armour (worn)
 c - a +0 helmet
 q - a +0 pair of gloves (worn)
 u - a +0 buckler
Jewellery
 y - a ring of positive energy (left hand)
 A - a cursed ring of teleportation (right hand)
Wands
 v - a wand of paralysis (7)
Scrolls
 h - 3 scrolls of identify {unknown}
 i - 2 scrolls of random uselessness {unknown}
 j - 3 scrolls of remove curse {unknown}
 m - a scroll of amnesia {unknown}
 r - a scroll of fear {unknown}
 t - 4 scrolls of magic mapping {unknown}
 w - a scroll of noise {unknown}
 x - a scroll of immolation {unknown}
Potions
 e - a potion of heal wounds {unknown}
 k - a potion of lignification {unknown}
 l - a potion of cancellation {unknown}
 n - 3 potions of curing {unknown}
 o - 3 potions of agility {unknown}
 p - a potion of haste {unknown}
 z - a potion of magic {unknown}
 C - a potion of invisibility {unknown}
 D - a potion of mutation {unknown}
Comestibles
 f - 4 bread rations
 s - a royal jelly
 B - 2 chunks of flesh


   Skills:
 + Level 3.5 Fighting
 + Level 5.8 Axes
 + Level 1.7 Throwing
 + Level 2.4 Armour
 + Level 4.1 Dodging
 + Level 1.6 Stealth


You had 6 spell levels left.
You didn't know any spells.

Dungeon Overview and Level Annotations

Branches:
Dungeon (4/15)
 Temple: D:4-7

Altars:
Cheibriados
Dithmenos
Nemelex Xobeh
Vehumet
Yredelemnul


Innate Abilities, Weirdness & Mutations

You have a pair of small horns on your head.
You are partially covered in molten scales. (AC +2)
You are mostly covered in sharp spines.


Message History

You closely miss the orc. The orc is struck by your spines.
The orc hits you with a trident.
* * * LOW HITPOINT WARNING * * *
The orc barely misses you.
The orc warrior is struck by your spines.
The orc warrior barely misses you.
You slash the orc!
You kill the orc!
You hit the orc but do no damage.
You hit the orc warrior but do no damage.
The orc warrior misses you. The jackal closely misses you.
You hit the orc wizard but do no damage.
Your headbutt misses the orc wizard.
You hit the orc warrior but do no damage.
You barely miss the jackal. The jackal is struck by your spines.
You kill the jackal!
The orc wizard barely misses you.
The orc warrior is struck by your spines.
The orc warrior hits you with a glaive!
You die...

#. .<.# #.
#... #. ...#
#.# ###..# #..
....###.. #..
......
##.###o####..#
......o@.(())#
.....#o#####(#
... ... #.# .
...## #.#
..... #)# ##..
#.# #.
#.######### ..
#.........#
#....##..#.#
####.####.#


You could see an orc warrior, an orc wizard and an orc.

Vanquished Creatures
  Sigmund (D:4)
  The ghost of slep the Chopper, an amateur VSMo (D:3)
  2 howler monkeys (D:4)
  A hound (D:4)
  2 orc priests (D:4)
  4 orc wizards (D:4)
  An iguana (D:4)
  Ijyb (D:4)
  A worker ant (D:4)
  6 adders
  An ooze (D:4)
  2 worms (D:3)
  2 leopard geckos
  7 orcs
  4 bats
  3 giant cockroaches
  8 goblins
  5 hobgoblins
  11 jackals
  6 kobolds
  2 quokkas
  A ball python (D:4)
  3 frilled lizards
  A quokka zombie (D:3)
  10 rats
86 creatures vanquished.

Notes
Turn   | Place    | Note
-------+----------+-------------------------------------------
     0 | D:1      | slep the Demonspawn Gladiator began the quest for the Orb.
     0 | D:1      | Reached XP level 1. HP: 16/16 MP: 1/1
    72 | D:1      | Found a sparkling altar of Nemelex Xobeh.
   294 | D:1      | Reached skill level 3 in Axes
   294 | D:1      | Gained mutation: You are partially covered in sharp spines. [demonic ancestry]
   294 | D:1      | Reached XP level 2. HP: 9/22 MP: 2/2
   803 | D:2      | Gained mutation: You are partially covered in molten scales. (AC +2) [demonic ancestry]
   803 | D:2      | Reached XP level 3. HP: 27/27 MP: 3/3
  1463 | D:3      | Reached XP level 4. HP: 32/34 MP: 4/4
  1475 | D:3      | Reached skill level 1 in Armour
  1516 | D:3      | Noticed slep's ghost (amateur VSMo)
  1525 | D:3      | Killed slep's ghost
  1525 | D:3      | Reached skill level 4 in Axes
  1525 | D:3      | Gained mutation: You are mostly covered in sharp spines. [demonic ancestry]
  1525 | D:3      | Reached XP level 5. HP: 38/39 MP: 5/5
  1620 | D:3      | Found a shadowy altar of Dithmenos.
  1655 | D:3      | Found a basalt altar of Yredelemnul.
  1655 | D:3      | Found a snail-covered altar of Cheibriados.
  1659 | D:3      | Found a radiant altar of Vehumet.
  1762 | D:4      | HP: 1/39 [orc priest/divine providence (11)]
  2060 | D:4      | Reached skill level 1 in Stealth
  2063 | D:4      | Reached XP level 6. HP: 5/46 MP: 6/6
  2320 | D:4      | Reached skill level 5 in Axes
  2369 | D:4      | Noticed Ijyb
  2377 | D:4      | Killed Ijyb
  2488 | D:4      | Noticed Sigmund
  2504 | D:4      | Killed Sigmund
  2504 | D:4      | Gained mutation: You have a pair of small horns on your head. [demonic ancestry]
  2504 | D:4      | Reached XP level 7. HP: 28/52 MP: 7/7
  2535 | D:4      | Slain by an orc warrior

Vault maps used:
D:1:      dpeg_arrival_erosion, grunt_decor_arrowhead, minmay_splitting_lines,
          minmay_stone_trees_small, nemelex_diamond_rough_becter
D:2:      first_bread
D:3:      grunt_temple_overflow_open
D:4:      uniq_ijyb, uniq_eustachio, uniq_robin, uniq_sigmund

Skill      XL: |  1  2  3  4  5  6  7 |
---------------+----------------------+-----
Axes           | 3 4 5 |  5.8
Dodging        | 3 4 |  4.1
Armour         | 1 2 |  2.4
Stealth        | 1 |  1.6
Fighting       | 3 |  3.5
Throwing       | |  1.7

Action                   |  1- 3 |  4- 6 |  7- 9 || total
-------------------------+-------+-------+-------++-------
Melee: War axe           |    92 |    75 |    14 ||   181
       Headbutt          |       |       |     5 ||     5
Evoke: Wand              |       |       |     2 ||     2
 Stab: Sleeping          |     1 |       |       ||     1
       Distracted        |     1 |       |       ||     1
  Eat: Chunk             |     2 |     3 |       ||     5
Armor: Leather armour    |    32 |    23 |     3 ||    58
Dodge: Dodged            |    64 |    53 |    21 ||   138

Table legend:
 A = Spawn XP
 B = Non-spawn XP
 C = Spawn XP percentage of total XP
 D = Spawn monster count
 E = Non-spawn monster count
 F = Spawn count percentage of total count
 G = Total turns spent on level
                    A         B        C        D         E        F      G
               +---------+---------+-------+---------+---------+-------+---------
         Total |       0 |    1012 |   0.0 |       0 |      86 |   0.0 |  2535
               +---------+---------+-------+---------+---------+-------+---------
           D:1 |       0 |      25 |   0.0 |       0 |      16 |   0.0 |   670
           D:2 |       0 |      56 |   0.0 |       0 |      21 |   0.0 |   757
           D:3 |       0 |     168 |   0.0 |       0 |      20 |   0.0 |   865
           D:4 |       0 |     763 |   0.0 |       0 |      29 |   0.0 |   243
               +---------+---------+-------+---------+---------+-------+---------
